 Dungeon Crawl Stone Soup version 0.28-a0-895-g6e5f11bd55 (webtiles) character file.

Game seed: 7051219725584217362

87 ytrimaz the Skirmisher (level 4, -1/36 HPs)
             Began as a Demonspawn Fighter on Nov 22, 2021.
             Killed by nerve-wracking pain
             ... invoked by Grinder
              (4 damage)
             ... on level 3 of the Dungeon.
             The game lasted 00:02:49 (2270 turns).

ytrimaz the Skirmisher (Demonspawn Fighter)         Turns: 2270, Time: 00:02:50

Health: -1/36      AC:  6    Str: 17    XL:     4   Next: 28%
Magic:  3/3        EV:  9    Int:  9    God:
Gold:   83         SH:  4    Dex: 11    Spells: 3/3 levels left

rFire   . . .      SeeInvis .   a - +0 war axe
rCold   . . .      Faith    .   c - +0 buckler
rNeg    . . .      Spirit   .   b - +0 scale mail
rPois   .          Reflect  .   (no helmet)
rElec   .          Harm     .   (no cloak)
rCorr   .          Rampage  .   (no gloves)
Will    .....                   (no boots)
Stlth   ..........              (no amulet)
HPRegen 0.12/turn               (no ring)
MPRegen 0.08/turn               (no ring)

@: mighty
A: demonic touch 1, hooves 1, clumsy 1, low mp 1, screaming 1
a: no special abilities


You were on level 3 of the Dungeon.
You visited 1 branch of the dungeon, and saw 3 of its levels.

You collected 113 gold pieces.
You spent 30 gold pieces at shops.

Inventory:

Hand Weapons
 a - a +0 war axe (weapon)
Missiles
 h - 3 boomerangs (quivered)
Armour
 b - a +0 scale mail (worn)
 c - a +0 buckler (worn)
Scrolls
 f - a scroll of identify
 g - 2 scrolls of teleportation
Potions
 e - a potion of lignification {unknown}
 i - a potion of ambrosia {unknown}


   Skills:
 + Level 3.6 Fighting
 - Level 1.8 Axes
 + Level 3.4 Armour
 + Level 3.2 Shields
 * Level 1.2 Unarmed Combat


You had 3 spell levels left.
You didn't know any spells.
Your spell library contained the following spells:

 Spells                   Type           Power      Damage    Failure   Level
 Frozen Ramparts          Ice            0%         1d2       99%         3
 Ignite Poison            Fire/Tmut/Pois 0%         N/A       99%         3
 Mephitic Cloud           Conj/Pois/Air  0%         N/A       99%         3
 Ice Form                 Ice/Tmut       0%         N/A       100%        4


Dungeon Overview and Level Annotations

Branches:
Dungeon (3/15)

Altars:
Uskayaw

Shops:
D:1 *   D:2 (

Annotations:
D:3 Grinder


Innate Abilities, Weirdness & Mutations

Your touch may inflict minor irresistible damage on your foes.
You have large cloven feet.
You are clumsy. (Dex -2)
Your magical capacity is low. (-10% MP)
You occasionally shout uncontrollably at your foes.


Message History

You closely miss Grinder. Your kick misses Grinder.
Grinder is moderately wounded.
Grinder hits you but does no damage. x2
You closely miss Grinder. Your kick misses Grinder.
Grinder is moderately wounded.
Grinder hits you but does no damage.
You hit Grinder but do no damage. Your kick misses Grinder.
Grinder is moderately wounded.
Grinder gestures at you.
You barely resist. You block Grinder's attack.
You slash Grinder! Your kick misses Grinder.
Grinder is heavily wounded.
Grinder hits you.
You writhe in agony.
You closely miss Grinder.
Grinder is heavily wounded.
Grinder hits you but does no damage.
You are too injured to fight recklessly!
You are too injured to fight recklessly!
You are too injured to fight recklessly!
You hit Grinder. You kick Grinder.
Grinder is heavily wounded.
Grinder barely misses you. Grinder gestures at you.
You suddenly lose the ability to move!
Grinder completely misses you. Grinder hits you. Grinder gestures at you.
You shrug off the repeated paralysis!
Grinder hits you.
You writhe in agony.
* * * LOW HITPOINT WARNING * * *
Grinder blinks!
You can move again.
Unknown command.
You feel very mighty all of a sudden. Grinder gestures at you.
Pain shoots through your body!
* * * LOW HITPOINT WARNING * * *
Grinder gestures at you. Pain shoots through your body!
You die...

#< #..###+# ##
....#...### ###.
.......♣...###[.. ..
.....#........... ...
###.....###....>....
....#..#...# ###.†...##
...#.(..#..# ##.♣.##
##...5@#..# ###.....##
...........####....<....
####........#...........
#######..+.♣...###...
#..#...### ###. ##.##'##
## #....# # ###### #


You could see Grinder.

Vanquished Creatures
  Terence (D:2)
  2 worms (D:2)
  A dart slug (D:1)
  4 ball pythons (D:1)
  7 bats
  3 endoplasms (D:1)
  3 giant cockroaches (D:1)
  6 goblins
  5 hobgoblins
  6 jackals (D:1)
  3 quokkas
  4 frilled lizards
  A kobold (D:1)
  4 rats
50 creatures vanquished.

Notes
Turn   | Place    | Note
-------+----------+-------------------------------------------
     0 | D:1      | ytrimaz the Demonspawn Fighter began the quest for the Orb.
     0 | D:1      | Reached XP level 1. HP: 18/18 MP: 1/1
   106 | D:1      | Found a faded altar of an unknown god.
   114 | D:1      | Gained mutation: Your touch may inflict minor irresistible
                  | damage on your foes. [demonic ancestry]
   114 | D:1      | Reached XP level 2. HP: 24/24 MP: 2/2
   284 | D:1      | Found Ubemumn's General Store.
   291 | D:1      | Bought a scroll of teleportation for 30 gold pieces
   477 | D:1      | Reached XP level 3. HP: 22/29 MP: 3/3
  1147 | D:1      | Gained mutation: You are clumsy. (Dex -2) [potion of
                  | mutation]
  1147 | D:1      | Gained mutation: You occasionally shout uncontrollably at
                  | your foes. [potion of mutation]
  1147 | D:1      | Gained mutation: Your magical capacity is low. (-10% MP)
                  | [potion of mutation]
  1147 | D:1      | Gained mutation: You have large cloven feet. [potion of
                  | mutation]
  1154 | D:2      | Found Ottestio's Weapon Shoppe.
  1224 | D:2      | Reached skill level 1 in Unarmed Combat
  1316 | D:2      | Noticed Terence
  1329 | D:2      | HP: 1/29 [Terence (3)]
  1330 | D:2      | Killed Terence
  1331 | D:2      | Reached XP level 4. HP: 2/35 MP: 3/3
  1948 | D:2      | Got Gupher's Collected Works on Freezing Intoxication
  2084 | D:2      | Found a hide-covered altar of Uskayaw.
  2243 | D:3      | Noticed Grinder
  2253 | D:3      | Paralysed by Grinder for 2 turns
  2262 | D:3      | Paralysed by Grinder for 6 turns
  2270 | D:3      | Killed from afar by Grinder

Illustrated notes

Levels and vault maps discovered:
D:1:      minmay_arrival_shattered_statue, layout_loops_cross,
          hellmonk_ecumenical_altar_zigzags, serial_shops, shop
D:2:      layout_loops_ring, serial_shops, nicolae_shop_advertising_works
          [nicolae_subvault_shop_adworks], basic_altar, st_stairs_13,
          uniq_terence
D:3:      layout_basic, overflow_temple_1_default, mainiacjoe_overflow_swirl,
          biasface_ghost_orc_armoury, minmay_misc_feat_chi, grunt_ministairs_13,
          uniq_grinder, uniq_ijyb, uniq_pargi, uniq_crazy_yiuf_cottage

Skill      XL: |  1  2  3 |
---------------+----------+-----
Armour         | 3 |  3.4
Shields        | 3 |  3.2
Unarmed Combat | 1 |  1.2
Fighting       | |  3.6
Axes           | |  1.8

Action                   |  1- 3 |  4- 6 || total
-------------------------+-------+-------++-------
Melee: War axe           |    94 |    28 ||   122
       Kick              |     4 |     4 ||     8
  Use: Scroll            |     2 |     1 ||     3
       Potion            |     2 |     1 ||     3
Armor: Scale mail        |    50 |     8 ||    58
Dodge: Dodged            |    54 |     8 ||    62
Block: Buckler           |    18 |     4 ||    22

Table legend: (Time is in decaauts)
 A = Elapsed time spent in this place.
 B = Non-inter-level travel time spent in this place.
 C = Inter-level travel time spent in this place.
 D = Time resting spent in this place.
 E = Time spent auto-exploring this place.
 F = Levels seen in this place.
 G = Mean time per level.
                   A        B        C        D        E       F      G
               +--------+--------+--------+--------+--------+-----+--------+
         Total |   2322 |   2274 |     48 |    378 |   1485 |   3 |  774.0 |
       Dungeon |   2322 |   2274 |     48 |    378 |   1485 |   3 |  774.0 |
               +--------+--------+--------+--------+--------+-----+--------+

Top non-repeatable levels by time:
     D:1: 1185 daAuts
     D:2: 1014 daAuts
     D:3: 122 daAuts
